 Dungeon Crawl Stone Soup version 0.25-a0-707-g603da076d2 (webtiles) character file.

Game seed: 10673854898202193994, levelgen mode: deterministic

24 Flugslaktarn the Shield-Bearer (level 2, -4/27 HPs)
             Began as a Minotaur Fighter on Apr 4, 2020.
             Slain by an ogre
             ... wielding a +0 giant spiked club
              (22 damage)
             ... on level 4 of the Dungeon.
             The game lasted 00:00:22 (376 turns).

Flugslaktarn the Shield-Bearer (Minotaur Fighter)    Turns: 376, Time: 00:00:22

Health: -4/27      AC:  7    Str: 20    XL:     2   Next: 79%
Magic:  1/1        EV:  7    Int:  5    God:
Gold:   17         SH:  9    Dex:  9    Spells: 1/1 levels left

rFire    . . .     SeeInvis .   a - +0 war axe
rCold    . . .     Gourm    .   c - +0 kite shield
rNeg     . . .     Faith    .   b - +0 scale mail
rPois    .         Spirit   .   (helmet restricted)
rElec    .         Reflect  .   (no cloak)
rCorr    .         Harm     .   (no gloves)
MR       .....                  (no boots)
Stlth    ..........             (no amulet)
HPRegen  0.09/turn              (no ring)
MPRegen  0.07/turn              (no ring)

@: no status effects
A: retaliatory headbutt, horns 2
a: no special abilities


You were on level 4 of the Dungeon.
You were not hungry.

You visited 1 branch of the dungeon, and saw 4 of its levels.

You collected 17 gold pieces.

Inventory:

Hand Weapons
 a - a +0 war axe (weapon)
Armour
 b - a +0 scale mail (worn)
 c - a +0 kite shield (worn)
Jewellery
 i - an uncursed ring of ice {unknown}
   (You found it on level 3 of the Dungeon)
Scrolls
 j - a scroll of blinking {unknown}
Potions
 d - a potion of might
 g - a potion of lignification {unknown}
 h - a potion of flight {unknown}
Comestibles
 e - 2 rations
 f - 7 chunks of flesh


   Skills:
 + Level 3.9 Fighting
 * Level 3.2 Axes
 + Level 3.9 Armour
 + Level 3.9 Shields


You had one spell level left.
You didn't know any spells.
Your spell library was empty.

Dungeon Overview and Level Annotations

Branches:
Dungeon (4/15)
 Temple: D:4-7

Altars:


Innate Abilities, Weirdness & Mutations

You reflexively headbutt those who attack you in melee.
You have a pair of horns on your head.


Message History

An ogre comes into view. It is wielding a +0 giant spiked club.
The orc hits you but does no damage. You block the leopard gecko's attack.
Your shield and scale mail prevent you from hitting the orc.
The orc is almost dead.
You hit the leopard gecko.
You kill the leopard gecko!
You block the orc's attack.
Some of the chunks of flesh in your inventory have rotted away.
You slash the orc!
You kill the orc!
You completely miss the ogre. The ogre barely misses you.
You hit the ogre but do no damage.
You headbutt the ogre, but do no damage.
You block the ogre's attack.
You closely miss the ogre.
The ogre hits you with a +0 giant spiked club!
You barely miss the ogre.
The ogre hits you with a +0 giant spiked club!!
Ouch! That really hurt!
You die...

≈. .. ..
..# .# .(#
.####..
..... ...
#.#
...#.###O#
#....)@.#
##.....##
#####.#
... ....
#....
#####


You could see an ogre.

Vanquished Creatures
  2 leopard geckos
  An orc (D:4)
  2 bats (D:2)
  A giant cockroach (D:1)
  5 goblins
  3 hobgoblins
  A ball python (D:3)
  A frilled lizard (D:2)
  A kobold (D:2)
  3 rats
20 creatures vanquished.

Notes
Turn   | Place    | Note
-------+----------+-------------------------------------------
     0 | D:1      | Flugslaktarn the Minotaur Fighter began the quest for the
                  | Orb.
     0 | D:1      | Reached XP level 1. HP: 19/19 MP: 0/0
   104 | D:2      | Reached XP level 2. HP: 26/27 MP: 1/1
   371 | D:4      | Noticed an ogre
   376 | D:4      | Slain by an ogre

Levels and vault maps discovered:
D:1:      ldierk_water_garden, layout_loops_corners, roderic_lattice_a
D:2:      layout_rooms
D:3:      layout_basic, overflow_temple_1_default, first_ration,
          chequers_mini_garden
D:4:      layout_rooms, minmay_temple_entry_statues, portal_sewer_entry_b,
          nicolae_ossuary_entry_monument

Skill      XL: |  1  2 |
---------------+-------+-----
Axes           | 3 |  3.2
Fighting       | |  3.9
Armour         | |  3.9
Shields        | |  3.9

Action                   || total
-------------------------++-------
Melee: War axe           ||    45
       Headbutt          ||     3
Armor: Scale mail        ||    12
Dodge: Dodged            ||    15
Block: Kite shield       ||    23

Table legend:
 A = Non-vault XP
 B = Vault XP
 C = Vault XP percentage of total XP
 D = Non-vault monster count
 E = Vault monster count
 F = Vault count percentage of total count
                 A         B        C        D         E       F
            +---------+---------+-------+---------+---------+-------
      Total |      35 |       0 |   0.0 |      20 |       0 |   0.0
            +---------+---------+-------+---------+---------+-------
        D:1 |       6 |       0 |   0.0 |       3 |       0 |   0.0
        D:2 |      15 |       0 |   0.0 |      10 |       0 |   0.0
        D:3 |       8 |       0 |   0.0 |       5 |       0 |   0.0
        D:4 |       6 |       0 |   0.0 |       2 |       0 |   0.0
            +---------+---------+-------+---------+---------+-------
